Map: Dusk Towers

Players

fOru

  • Race: Terran Terran
  • League: Diamond

ReacH - Winner!

  • Race: Protoss Protoss
  • League: Platinum

VOD

Have the link to the VOD?

Description

Time

  • Played on: Feb. 24, 2016, 2:46 p.m.
  • Length: 18:07
Show
View Real Time Build Order
Export as new Build Order

fOru Terran 

Build Orders: Reaper Expand, MMM Bio 

Get SALT Encoding   

  12  0:01  SCV  
  13  0:13  SCV  
  14  0:17  Supply Depot  
  14  0:25  SCV  
  15  0:40  Barracks  
  15  0:42  Refinery  
  15  0:44  SCV  
  16  0:56  SCV  
  17  1:08  SCV  
  18  1:20  SCV  
  19  1:33  Reaper, Orbital Command  
  20  1:45  Command Center  
  20  2:00  Supply Depot, SCV  
  21  2:09  Factory  
  21  2:15  SCV  
  22  2:16  Refinery  
  22  2:27  Barracks Reactor, SCV  
  23  2:39  SCV  
  24  2:51  SCV  
  25  3:03  SCV  
  26  3:09  Marine x2  
  26  3:12  Hellion  
  30  3:15  Starport, SCV  
  30  3:16  Orbital Command  
  31  3:27  Marine x2  
  31  3:28  SCV  
  31  3:32  Barracks  
  31  3:33  Hellion  
  36  3:40  SCV  
  37  3:42  Supply Depot  
  37  3:45  SCV  
  38  3:52  SCV  
  38  3:54  Medivac  
  38  3:55  Barracks, Hellion  
  43  4:04  Marine x2  
  43  4:07  Liberator  
  43  4:08  Engineering Bay  
  44  4:10  Supply Depot  
  44  4:17  Factory Tech Lab  
  44  4:20  SCV x2  
  44  4:22  Marine x2  
  51  4:31  Barracks Tech Lab  
  51  4:34  SCV x2  
  53  4:45  Barracks Tech Lab  
  53  4:46  SCV x2  
  53  4:48  Command Center  
  53  4:49  Stimpack  
  55  4:56  Marine x2  
  55  4:58  SCV x2  
  55  4:59  Marauder  
  61  5:03  Combat Shields  
  55  5:23  Marauder x2, Marine x2  
  55  5:27  SCV  
  62  5:30  Supply Depot  
  62  5:31  Supply Depot x2  
  62  5:32  Supply Depot  
  62  5:34  Refinery x2, Starport Reactor  
  62  5:52  Marine, Siege Tank, SCV x2  
  68  6:02  Orbital Command  
  68  6:03  Barracks  
  68  6:04  SCV x2  
  68  6:05  Barracks  
  68  6:08  Terran Infantry Weapons Level 1  
  70  6:16  SCV x2  
  70  6:18  Marine x2  
  72  6:19  Marauder x2  
  72  6:22  Medivac  
  80  6:30  Orbital Command  
  80  6:36  Siege Tank  
  80  6:38  Marine x2  
  80  6:39  Marine  
  85  6:40  Marauder  
  85  6:44  Engineering Bay  
  85  6:45  Armory  
  88  6:47  Supply Depot  
  88  6:48  Supply Depot  
  85  6:56  Marine  
  85  7:00  SCV x2  
  85  7:01  SCV  
  89  7:08  Siege Tank  
  92  7:12  Medivac x2, SCV x2  
  92  7:13  SCV  
  92  7:15  Marauder, Marine x2  
  102  7:16  Marauder, Barracks Tech Lab  
  105  7:24  SCV  
  105  7:25  SCV x2  
  108  7:36  Supply Depot  
  108  7:37  Supply Depot, SCV  
  109  7:38  Supply Depot  
  109  7:39  Terran Infantry Armor Level 1  
  109  7:40  Supply Depot, Siege Tank  
  112  7:45  SCV  
  112  7:46  Command Center, SCV  
  112  7:49  SCV  
  115  7:53  Marauder, Marine  
  115  7:54  Barracks Reactor  
  115  7:55  Marauder, Marine  
  115  7:56  Marine  
  122  8:05  Missile Turret  
  122  8:06  Missile Turret  
  122  8:10  Marine  
  122  8:11  Refinery, Missile Turret  
  122  8:12  Refinery  
  123  8:21  Terran Infantry Weapons Level 2  
  123  8:23  Terran Ship Weapons Level 1  
  123  8:30  Barracks  
  123  8:31  Barracks x2  
  114  8:53  Marine x4  
  114  8:54  Marauder x3  
  122  8:59  Medivac x2, Siege Tank  
  129  9:11  Marine x3  
  129  9:15  Marauder x3  
  95  9:24  Marine  
  95  9:25  Barracks Tech Lab x2  
  95  9:26  Barracks Reactor  
  95  9:29  Marine x2  
  95  9:30  Ghost Academy  
  92  9:33  Terran Infantry Armor Level 2  
  92  9:36  Marauder x2  
  92  9:37  Marauder, Planetary Fortress  
  98  9:49  Marauder x2, Marine x4  
  106  9:57  Marine  
  106  9:58  Marauder x2  
  111  10:02  Personal Cloaking  
  111  10:05  Marine x2  
  111  10:06  Marine  
  111  10:07  Marine x3  
  114  10:09  Ghost  
  114  10:10  Marine  
  114  10:13  Refinery x2  
  120  10:15  Marine, Command Center  
  120  10:18  Marine  
  120  10:19  Marine  
  120  10:20  SCV x4  
  127  10:23  Marine x2  
  127  10:24  Marine x2  
  127  10:25  Marine x2  
  127  10:28  Ghost, Starport  
  133  10:32  SCV  
  133  10:33  Ghost  
  137  10:37  Siege Tank  
  140  10:47  Marine x2  
  140  10:48  Marauder x3, Marine x4  
  152  10:58  Marauder  
  152  11:02  Marauder  
  147  11:05  Marine x2  
  147  11:06  Marine  
  147  11:09  Marauder  
  147  11:10  Marauder, Ghost  
  147  11:11  Marine x2  
  149  11:18  Ghost  
  149  11:27  Marine  
  149  11:28  Marauder, Marine x3  
  149  11:31  Marauder x2  
  146  11:40  Marauder  
  146  11:43  Terran Infantry Weapons Level 3  
  146  11:45  Terran Ship Weapons Level 2  
  146  11:46  Starport Tech Lab  
  146  11:47  Ghost  
  146  12:04  Marauder, Marine x4  
  146  12:05  Marauder x3  
  146  12:06  Marine  
  159  12:19  Missile Turret  
  154  12:35  Marine x2  
  154  12:36  Marauder x4, Marine x4  
  154  12:37  Marauder  
  164  12:46  Concussive Shells  
  162  12:51  Terran Infantry Armor Level 3  
  162  12:53  Marine  
  162  12:54  SCV  
  162  12:57  SCV  
  165  12:59  SCV  
  165  13:03  SCV  
  167  13:06  SCV  
  167  13:09  Planetary Fortress  
  168  13:19  Marine  
  169  13:20  Marine x3  
  169  13:24  Missile Turret  
  172  13:28  Viking  
  172  13:30  Viking  
  177  13:34  SCV x2  
  177  13:35  SCV  
  177  13:37  SCV  
  180  13:46  SCV  
  181  13:58  Marine x2  
  181  13:59  Marauder x2  
  187  14:12  Marine x2  
  187  14:14  Marauder, Marine  
  187  14:15  Marauder  
  187  14:20  Supply Depot x2  
  187  14:21  Supply Depot  
  187  14:22  Supply Depot  
  187  14:25  Refinery  
  187  14:26  Refinery  
  187  14:39  Orbital Command  
  187  14:42  Marauder  
  187  14:49  Marauder, Marine x3  
  187  14:50  Marauder x2  
  194  15:21  Marine  
  194  15:23  Viking x2  
  199  15:29  Sensor Tower  
  197  15:44  Ghost  
  174  16:16  Marine  
  174  16:17  Marauder x3, Marine x5  
  174  16:18  Marauder x2  
  109  16:29  Thor  
  109  16:30  Viking  
  109  16:31  Viking x2  
  117  16:34  Marine x2  
  117  16:35  Marine x4  
  117  16:38  Marine x4  
  117  16:39  Marine  
  124  16:52  Marine x3  
  124  16:53  Marine x2  
  124  16:55  Marine  
  124  16:56  Marine x4  
  124  17:00  Viking x2  
  124  17:01  Viking  
  133  17:30  Medivac x2  
  133  17:31  Medivac  
Show
View Real Time Build Order
Export as new Build Order

ReacH Protoss - Winner!

Build Orders: 1 Gate Expand, Double Forge 

Get SALT Encoding   

  12  0:01  Probe (Chrono Boost)  
  13  0:11  Probe (Chrono Boost)  
  14  0:17  Pylon  
  14  0:22  Probe (Chrono Boost)  
  16  0:35  Probe (Chrono Boost)  
  16  0:36  Gateway  
  16  0:45  Assimilator  
  16  0:46  Probe (Chrono Boost)  
  18  0:57  Probe (Chrono Boost)  
  18  1:07  Probe (Chrono Boost)  
  19  1:18  Probe (Chrono Boost)  
  20  1:26  Nexus  
  20  1:28  Probe (Chrono Boost)  
  21  1:36  Cybernetics Core  
  21  1:39  Probe (Chrono Boost)  
  22  1:44  Assimilator  
  22  1:51  Pylon  
  22  1:56  Probe (Chrono Boost)  
  23  2:09  Probe (Chrono Boost)  
  23  2:13  Adept (Chrono Boost)  
  23  2:14  Warp Gate  
  26  2:20  Probe  
  27  2:35  Probe  
  30  2:37  Stalker (Chrono Boost)  
  30  2:38  Probe  
  30  2:41  Pylon  
  30  2:47  Probe  
  31  2:51  Probe  
  31  3:00  Mothership Core  
  31  3:03  Stalker (Chrono Boost)  
  31  3:04  Probe  
  36  3:15  Probe  
  37  3:21  Probe  
  37  3:25  Probe  
  38  3:30  Forge  
  38  3:33  Probe (Chrono Boost)  
  40  3:34  Forge  
  40  3:37  Probe (Chrono Boost)  
  41  3:41  Stalker (Chrono Boost)  
  41  3:45  Probe (Chrono Boost)  
  45  3:48  Probe (Chrono Boost)  
  46  3:55  Probe (Chrono Boost)  
  46  3:59  Twilight Council, Probe (Chrono Boost)  
  47  4:06  Probe (Chrono Boost)  
  47  4:08  Probe (Chrono Boost)  
  47  4:09  Robotics Facility  
  49  4:14  Protoss Ground Weapons Level 1 (Chrono Boost)  
  49  4:18  Protoss Ground Armor Level 1 (Chrono Boost)  
  49  4:19  Probe  
  49  4:22  Probe  
  51  4:25  Pylon  
  51  4:30  Gateway  
  51  4:31  Probe  
  51  4:35  Gateway  
  51  4:36  Probe  
  53  4:39  Assimilator  
  53  4:42  Assimilator  
  53  4:43  Probe  
  54  4:46  Sentry  
  56  4:57  Probe x2  
  56  4:59  Pylon  
  58  5:04  Observer  
  59  5:09  Probe x2  
  57  5:21  Probe  
  57  5:23  Nexus  
  57  5:26  Pylon  
  58  5:32  Probe  
  58  5:33  Templar Archives  
  58  5:34  Probe  
  60  5:43  Pylon  
  60  5:44  Probe, Observer  
  60  5:46  Probe  
  63  5:53  Protoss Ground Armor Level 2 (Chrono Boost)  
  63  5:56  Probe  
  64  5:58  Gateway, Probe, Protoss Ground Weapons Level 2 (Chrono Boost)  
  64  6:02  Pylon  
  64  6:03  Gateway  
  65  6:07  Observer  
  65  6:08  Probe  
  65  6:14  Probe  
  65  6:16  Pylon  
  65  6:17  Psionic Storm  
  64  6:31  Probe x2  
  66  6:36  Probe  
  67  6:43  Probe  
  67  6:44  Assimilator  
  67  6:46  Assimilator  
  68  6:47  Probe  
  68  6:49  Probe  
  68  6:53  High Templar  
  70  6:55  High Templar  
  72  7:03  Zealot  
  72  7:06  Probe  
  72  7:07  Probe  
  76  7:11  Gateway  
  76  7:13  Gateway  
  76  7:14  Pylon  
  76  7:17  Probe  
  77  7:23  Probe  
  77  7:26  Probe  
  77  7:28  Pylon  
  79  7:30  Zealot, High Templar x2  
  79  7:31  Zealot x2  
  79  7:35  Charge (Chrono Boost)  
  89  7:38  Probe  
  89  7:39  Probe x2, Pylon  
  92  7:50  Pylon, Probe  
  93  7:51  Probe  
  93  7:54  Gateway  
  93  7:55  Gateway  
  93  7:57  Observer  
  95  8:03  High Templar  
  95  8:04  High Templar  
  99  8:07  Zealot x3  
  105  8:26  Zealot x2  
  109  8:30  Zealot x2  
  109  8:31  Zealot  
  114  8:34  Protoss Ground Weapons Level 3  
  114  8:35  Protoss Ground Armor Level 3  
  114  8:47  High Templar  
  114  8:48  Zealot x3  
  116  8:51  Zealot  
  116  8:52  Zealot x2  
  126  9:02  Pylon  
  126  9:04  Pylon  
  95  9:25  Archon  
  95  9:27  Archon  
  95  9:30  Zealot x9  
  113  9:41  Nexus  
  113  9:42  Stargate, Warp Prism  
  113  9:43  Dark Shrine  
  113  9:44  Stargate, Pylon  
  115  9:47  Pylon  
  115  9:53  Gateway x2  
  115  9:55  Gateway  
  115  9:57  Gateway  
  115  10:05  High Templar x7  
  129  10:09  Assimilator  
  129  10:12  Assimilator  
  129  10:15  Zealot x2  
  129  10:20  Warp Prism  
  135  10:25  Photon Cannon  
  135  10:26  Pylon  
  135  10:27  Photon Cannon  
  135  10:30  Photon Cannon  
  135  10:41  High Templar x3  
  135  10:42  Zealot x3, High Templar  
  147  10:43  Zealot  
  147  10:47  Archon x2  
  151  10:59  Zealot  
  139  11:09  Zealot x2  
  139  11:10  Zealot x2  
  133  11:15  Probe  
  133  11:16  Probe  
  133  11:17  Probe x2  
  137  11:23  Archon x3, Fleet Beacon  
  137  11:24  Zealot  
  137  11:25  Zealot x3  
  127  11:33  Zealot x4  
  127  11:34  Zealot  
  129  11:46  Dark Templar x4  
  137  11:58  Zealot x2  
  137  11:59  Zealot x3  
  147  12:08  Tempest x2 (Chrono Boost)  
  153  12:16  Probe  
  153  12:21  High Templar x2  
  153  12:22  Protoss Shields Level 1, Zealot x4  
  164  12:23  Zealot  
  164  12:34  Probe  
  163  12:41  Probe  
  162  12:46  Tempest x2 (Chrono Boost)  
  162  12:49  Zealot  
  162  12:50  Zealot x2  
  174  12:57  High Templar x2  
  178  13:07  Protoss Air Weapons Level 1  
  178  13:09  Pylon  
  178  13:16  Photon Cannon  
  178  13:17  Photon Cannon  
  178  13:23  Oracle (Chrono Boost)  
  178  13:24  Zealot x2  
  178  13:25  Zealot x4  
  193  13:40  Photon Cannon  
  193  13:55  Tempest (Chrono Boost)  
  194  14:26  Robotics Bay  
  194  14:31  Zealot  
  196  14:41  Nexus  
  196  14:44  Pylon  
  196  14:48  Pylon  
  196  15:02  Tempest (Chrono Boost)  
  198  15:26  Assimilator  
  198  15:30  Assimilator  
  198  15:32  Warp Prism (Chrono Boost), Photon Cannon x2  
  198  15:35  Photon Cannon  
  197  16:06  Tempest  
  125  16:20  Archon  
  125  16:24  Zealot x3  
  125  16:25  Zealot x10  
  131  16:48  High Templar x7  
  131  16:49  Zealot x4, Tempest  
  131  16:50  Zealot x2  
  153  16:57  Archon x2  
  147  17:14  Zealot, High Templar x2  
  147  17:15  Zealot x2  
  157  17:16  Zealot  
  157  17:18  Nexus  
  157  17:20  Pylon  
  159  17:22  Pylon  
  157  17:31  Zealot x7  
  157  17:55  Archon  
  157  17:56  Archon  
  157  17:57  Zealot x3  
  157  17:58  Zealot x10  
Tags
 
Add a new tag
Caveats
  • Supply blocks, unpowered buildings, or Contaminate may cause inaccurate times.
  • Supply counts are checked every 10 seconds.